 Dungeon Crawl Stone Soup version 0.24.0-13-gcf9b319 (webtiles) character file.

Game seed: 5394483718897150593, levelgen mode: deterministic

233 Bronimir the Vexing (level 6, -2/46 HPs)
             Began as a Formicid Arcane Marksman on Apr 1, 2020.
             Slain by a leopard gecko (4 damage)
             ... on level 4 of the Dungeon.
             The game lasted 00:06:48 (3221 turns).

Bronimir the Vexing (Formicid Arcane Marksman)      Turns: 3221, Time: 00:06:49

Health: -2/46      AC:  3    Str: 16 (17) XL:     6   Next: 25%
Magic:  7/7        EV: 18    Int: 11 (12) God:
Gold:   145        SH:  0    Dex: 17 (20) Spells: 6/7 levels left

rFire    . . .     SeeInvis +   b - +1 dagger "Roepal" {pierce, rN+ MR- Dex+4}
rCold    . . .     Gourm    .   (no shield)
rNeg     + . .     Faith    .   e - +0 robe
rPois    .         Spirit   .   (helmet unavailable)
rElec    .         Reflect  .   y - +0 cloak
rCorr    .         Harm     .   (no gloves)
MR       .....                  (no boots)
Stlth    +++.......             (no amulet)
HPRegen  0.15/turn              (no ring)
MPRegen  0.10/turn              (no ring)

@: agile
A: permanent stasis, dig shafts and tunnels, four strong arms, antennae 3
a: Dig, Shaft Self


You were on level 4 of the Dungeon.
You were not hungry.

You visited 1 branch of the dungeon, and saw 4 of its levels.

You collected 145 gold pieces.

Inventory:

Hand Weapons
 a - a +0 hand crossbow
 b - the +1 dagger "Roepal" (weapon) {pierce, rN+ MR- Dex+4}
   (You found it on level 4 of the Dungeon)

   It inflicts extra damage upon your enemies.
   It affects your dexterity (+4).
   It protects you from negative energy.
   It affects your resistance to hostile enchantments.
 h - a +0 short sword
 m - a +0 hunting sling
 t - a +0 short sword
 A - a +0 mace
Missiles
 i - 75 stones (quivered)
 k - 20 sling bullets
 q - 12 boomerangs
 v - 41 arrows
Armour
 e - a +0 robe (worn)
 x - a +1 ring mail
 y - a +0 cloak (worn)
Wands
 s - a wand of iceblast (6)
Scrolls
 c - 2 scrolls of identify
 n - a scroll of remove curse
Comestibles
 f - 5 rations


   Skills:
 + Level 2.4 Fighting
 + Level 0.2 Short Blades
 + Level 3.7 Slings
 + Level 3.3 Crossbows
 + Level 2.1 Dodging
 + Level 0.6 Stealth
 + Level 1.1 Spellcasting
 + Level 4.5 Hexes


You had 6 spell levels left.
You knew the following spells:

 Your Spells              Type           Power        Failure   Level  Hunger
a - Corona                Hex            ##.....      4%          1    ##.....

Your spell library contained the following spells:

 Spells                   Type           Power        Failure   Level  Hunger
 Slow                     Hex            ##......     8%          2    ###....
 Inner Flame              Hex/Fire       #.......     36%         3    ####...
 Portal Projectile        Hex/Tloc       #.....       36%         3    ####...
 Cause Fear               Hex            ##........   45%         4    #####..
 Leda's Liquefaction      Hex/Erth       #.........   77%         4    #####..


Dungeon Overview and Level Annotations

Branches:
Dungeon (4/15)
 Temple: D:4-7

Altars:
Ashenzari
Makhleb
Sif Muna
Xom


Innate Abilities, Weirdness & Mutations

You cannot be hasted, slowed, berserked, paralysed or teleported.
You can dig through walls and to a lower floor.
Your four strong arms can wield two-handed weapons with a shield.
You have a pair of large antennae on your head. (SInv)


Message History

The leopard gecko completely misses you.
As you read the scroll labeled TAOSOCEDUI, it crumbles to dust.
It is a scroll of amnesia.
Really abort (and waste the scroll)?
Okay, then.
The leopard gecko closely misses you. The leopard gecko barely misses you.
The leopard gecko closely misses you.
You hit the leopard gecko.
The leopard gecko is heavily wounded.
The leopard gecko misses you. x2
You hit the leopard gecko.
The leopard gecko is almost dead.
The leopard gecko bites you but does no damage.
The leopard gecko closely misses you.
You barely miss the leopard gecko.
The leopard gecko is almost dead.
The leopard gecko misses you. The leopard gecko bites you.
* * * LOW HITPOINT WARNING * * *
The leopard gecko bites you.
You die...

#######..>.........
#...........[
#............
#............
########............
#...................
#...................
#..................
#..@..............
#..ll..............
#...................
###....#............
##§§..##............
##§§§####............
##§§§## #............
#..#§### #............
##.....####...........


You could see 2 leopard geckos.

Vanquished Creatures
  A scorpion (D:4)
  A hound (D:4)
  A bullfrog skeleton (D:2)
  5 adders
  2 oozes
  2 dart slugs (D:1)
  3 leopard geckos
  4 orcs
  9 bats
  2 giant cockroaches (D:3)
  6 goblins
  3 hobgoblins
  2 jackals (D:3)
  A quokka (D:3)
  3 ball pythons (D:1)
  4 frilled lizards
  13 kobolds
  8 rats
70 creatures vanquished.

Notes
Turn   | Place    | Note
-------+----------+-------------------------------------------
     0 | D:1      | Bronimir the Formicid Arcane Marksman began the quest for
                  | the Orb.
     0 | D:1      | Reached XP level 1. HP: 15/15 MP: 2/2
   147 | D:1      | Reached skill level 4 in Hexes
   147 | D:1      | Reached XP level 2. HP: 21/21 MP: 3/3
   562 | D:1      | Reached XP level 3. HP: 26/26 MP: 4/4
  1162 | D:2      | Reached XP level 4. HP: 16/32 MP: 5/5
  1424 | D:2      | Reached skill level 1 in Slings
  1937 | D:3      | Reached XP level 5. HP: 7/38 MP: 6/6
  2238 | D:3      | Found a shimmering blue altar of Sif Muna.
  2516 | D:3      | Found a shattered altar of Ashenzari.
  2963 | D:3      | Found a shimmering altar of Xom.
  3119 | D:4      | Got a crystal dagger
  3120 | D:4      | Identified the +1 dagger "Roepal" {pierce, rN+ MR- Dex+4}
                  | (You found it on level 4 of the Dungeon)
  3130 | D:4      | Found a burning altar of Makhleb.
  3174 | D:4      | Reached XP level 6. HP: 19/45 MP: 7/7
  3181 | D:4      | HP: 1/45 [orc/+0 club (2)]
  3203 | D:4      | HP: 2/46 [poisoned by a scorpion]
  3212 | D:4      | HP: 2/46 [leopard gecko (1)]
  3221 | D:4      | HP: 2/46 [leopard gecko (2)]
  3221 | D:4      | Slain by a leopard gecko

Levels and vault maps discovered:
D:1:      arrival_zaba_pyramid, layout_basic, minmay_misc_feat_secret_circle
D:2:      layout_basic, first_ration
D:3:      layout_rooms, nicolae_overflow_crystal_walls, lemuel_crystal_altar,
          marbit_many_paths, kennysheep_generic_room_14
D:4:      layout_basic, overflow_temple_1_default, makhleb_blood_cavern_becter,
          minmay_temple_entry_waves, uniq_menkaure

Skill      XL: |  1  2  3  4  5 |
---------------+----------------+-----
Hexes          | 4 |  4.5
Crossbows      | 3 |  3.3
Dodging        | 2 |  2.1
Slings         | 1 3 |  3.7
Fighting       | 2 |  2.4
Short Blades   | |  0.2
Stealth        | |  0.6
Spellcasting   | |  1.1

Action                   |  1- 3 |  4- 6 || total
-------------------------+-------+-------++-------
Melee: Dagger            |       |    24 ||    24
       Hand crossbow     |       |     1 ||     1
 Fire: Hand crossbow     |    46 |    19 ||    65
       Hunting sling     |       |   158 ||   158
 Abil: Dig               |       |     2 ||     2
  Use: Scroll            |       |     6 ||     6
       Potion            |       |     4 ||     4
  Eat: Chunk             |       |     7 ||     7
Armor: Robe              |       |    25 ||    25
Dodge: Dodged            |    13 |   147 ||   160
